 Dungeon Crawl Stone Soup version 0.17-a0-1510-gb3fb22e (webtiles) character file.

22 Malak the Caller (level 2, 0/15 HPs)
             Began as a Deep Elf Summoner on July 11, 2015.
             Slain by a quokka (5 damage)
             ... on level 2 of the Dungeon.
             The game lasted 00:17:40 (1354 turns).

Malak the Caller (Deep Elf Summoner)                Turns: 1354, Time: 00:17:40

Health: 0/15       AC:  2    Str:  5    XL:     2   Next: 68%
Magic:  6/8        EV: 13    Int: 19    God:
Gold:   62         SH:  0    Dex: 15    Spells: 2 memorised, 5 levels left

rFire  . . .     SeeInvis .     l - +0 dagger
rCold  . . .     Clarity  .     a - +0 robe
rNeg   . . .     SustAt   .     (no shield)
rPois  .         Gourm    .     p - +0 hat
rElec  .         Spirit   .     (no cloak)
rCorr  .         Warding  .     (no gloves)
rMut   .         Stasis   .     (no boots)
MR     .....                    (no amulet)
Stlth  ++........               (no ring)
                                (no ring)

@: very slightly contaminated, not resistant to hostile enchantments, unstealthy
A: no striking features
a: no special abilities


You were on level 2 of the Dungeon.
You were not hungry.

You visited 1 branch of the dungeon, and saw 2 of its levels.

You collected 62 gold pieces.

Inventory:

Hand weapons
 h - a +0 spear
 j - a +0 club
 l - a +0 dagger (weapon)
 m - a +0 hunting sling
Missiles
 f - 6 needles of sleeping
 i - 10 sling bullets
 k - 8 stones (quivered)
 w - 6 javelins
Armour
 a - a +0 robe (worn)
 e - a +0 ring mail
 p - a +0 hat (worn)
 u - a +0 robe
Scrolls
 g - 2 scrolls of blinking {unknown}
 o - a scroll of immolation {unknown}
 t - a scroll of identify {unknown}
 v - a scroll of amnesia {unknown}
 x - a scroll of recharging {unknown}
Potions
 n - a potion of cancellation {unknown}
 q - a potion of flight {unknown}
Books
 b - a book of Callings

   Spells                             Type                      Level
   a - Summon Small Mammal            Summoning                    1
   b - Call Imp                       Summoning                    2
   c - Call Canine Familiar           Summoning                    3
   d - Summon Guardian Golem          Hexes/Summoning              3
   e - Summon Lightning Spire         Summoning/Air                4
   f - Summon Ice Beast               Ice/Summoning                4
Comestibles
 c - a bread ration
 d - 4 fruits
 r - 2 meat rations
 s - 6 chunks of flesh


   Skills:
 + Level 2.4 Dodging
 + Level 2.5 Stealth
 + Level 3.6 Spellcasting
 + Level 4.9 Summonings


You had 5 spell levels left.
You knew the following spells:

 Your Spells              Type           Power        Failure   Level  Hunger
a - Summon Small Mammal   Summ           ###.         1%          1    None
b - Call Imp              Summ           ###.....     3%          2    ##.....


Dungeon Overview and Level Annotations

Branches:
Dungeon (2/15)

Altars:


Message History

The quokka bites you but does no damage.
Your crimson imp hits the quokka but does no damage.
The quokka closely misses you. The quokka bites you.
Your crimson imp blinks!
The quokka bites you.
Your crimson imp blinks!
Cast which spell? (? or * to list)
You don't know that spell.
Cast which spell? (? or * to list)
You miscast Summon Small Mammal.
You are very lightly contaminated with residual magic.
Nothing appears to happen.
The quokka bites you.
Casting: Summon Small Mammal
Confirm with . or Enter, or press ? or * to list all spells.
The quokka misses you.
Your crimson imp blinks!
You see here a worm corpse.
You swap places.
The quokka bites you.
You die...

#.# #.# #.#### #..
.# #.##.###
##########.#.....
#(...........#
#.......rr...#
#...5....@..##
#...........##.####
#########..........
#..#.#.#### #..#.#.#
#..#.#.#####
#########>..........
#......#####.#.####
#......# #.#.#


You could see a quokka, a friendly crimson imp and a friendly quokka.

Vanquished Creatures
  2 hobgoblins (D:1)
  A quokka (D:2)
  A kobold (D:1)
4 creatures vanquished.

Vanquished Creatures (collateral kills)
  2 worms
  A ball python (D:1)
  A goblin (D:1)
  5 hobgoblins
  2 bats (D:1)
  A giant gecko (D:1)
  A giant newt (D:2)
  5 kobolds
  4 rats
22 creatures vanquished.

Grand Total: 26 creatures vanquished

Notes
Turn   | Place    | Note
--------------------------------------------------------------
     0 | D:1      | Malak the Deep Elf Summoner began the quest for the Orb.
     0 | D:1      | Reached XP level 1. HP: 10/10 MP: 6/6
   445 | D:1      | Reached XP level 2. HP: 15/15 MP: 5/8
   449 | D:1      | Learned a level 2 spell: Call Imp
  1354 | D:2      | Slain by a quokka

Vault maps used:
D:1:      lightli_arrival_quake, corexii_item_surrounded_by_moat
D:2:      roderic_ancient_swastika

Action                   || total
-------------------------++-------
Melee: Spear             ||     3
       Dagger            ||     4
 Cast: Summon Small Mamm ||    34
       Call Imp          ||     6
 Stab: Distracted        ||     1
  Eat: Chunk             ||     1
